cohdb
Replays
Latest Replays
All Replays
Popular Replays
Top Player Replays
Match Explorer
How It Works
Community
CoH3 Stats
Reddit
Sign in to upload your games and track your stats! →
Sign in with Steam
Match 45281900
Unlisted
Match 45281900
Overview
Messages
Build Orders
End
Panzergrenadier Squad
Selects Armored Support Battlegroup
Kradschützen Motorcycle Team
Panzergrenadier Squad
Construct Light Support Kompanie
MG34 Team
2.5-tonne Medical Truck
Fire Support Elements
Assault Grenadier Squad
Construct Mechanized Kompanie
Assault Grenadier Squad
Panzergrenadier Squad
250 Light Carrier
Pak 38 Anti-tank Gun Team
MG34 Team
Construct Panzerarmee Kommand
Tungsten Core Ammunition
Panzer III L Medium Tank
Selects Veteran Gunners
Selects Flammpanzer III Medium Tank
Selects Command Panzer IV F Medium Tank
Selects Veteran Gunners
Selects Flammpanzer III Medium Tank
Selects Battlefield Salvage
Selects Salvage Kits
Panzer III L Medium Tank
BigBoss
zintoko
Siso
Dr. Tacosaurus
Venger
Thiklitsa
0
0
Comments
sign in to comment!
No comments posted yet!